 Dungeon Crawl Stone Soup version 0.22.1-2-g9c5b331 (webtiles) character file.

74 PaladinM the Slasher (level 4, 0/33 HPs)
             Began as a Human Warper on Sept 17, 2018.
             Slain by a gnoll shaman
             ... wielding a +0 whip
              (1 damage)
             ... on level 2 of the Dungeon on Nov 25, 2018.
             The game lasted 00:04:37 (1332 turns).

PaladinM the Slasher (Human Warper)                 Turns: 1332, Time: 00:04:38

Health: 0/33       AC:  3    Str: 15    XL:     4   Next: 54%
Magic:  0/7        EV: 12    Int: 13    God:
Gold:   39         SH:  0    Dex: 13    Spells: 3/7 levels left

rFire    . . .     SeeInvis .   a - +0 falchion
rCold    . . .     Gourm    .   (no shield)
rNeg     . . .     Faith    .   b - +0 leather armour
rPois    .         Spirit   .   (no helmet)
rElec    .         Reflect  .   (no cloak)
rCorr    .         Harm     .   (no gloves)
MR       .....                  (no boots)
Stlth    +.........             (no amulet)
HPRegen  0.11/turn              g - +3 ring of strength
MPRegen  0.10/turn              (no ring)

@: very slightly contaminated, glowing
A: no striking features
a: no special abilities


You were on level 2 of the Dungeon.
You were very hungry.

You visited 1 branch of the dungeon, and saw 2 of its levels.

You collected 39 gold pieces.

Inventory:

Hand Weapons
 a - a +0 falchion (weapon)
Missiles
 e - 5 tomahawks of dispersal (quivered)
Armour
 b - a +0 leather armour (worn)
Jewellery
 g - a +3 ring of strength (left hand)
Scrolls
 c - 2 scrolls of random uselessness {unknown}
 d - a scroll of blinking
 h - 5 scrolls of identify {unknown}
 j - a scroll of immolation {unknown}
Comestibles
 f - a ration


   Skills:
 - Level 2.0 Fighting
 + Level 4.4 Long Blades
 - Level 1.0 Throwing
 - Level 1.0 Armour
 - Level 2.0 Dodging
 - Level 2.0 Spellcasting
 - Level 3.0 Translocations


You had 3 spell levels left.
You knew the following spells:

 Your Spells              Type           Power        Failure   Level  Hunger
a - Shroud of Golubria    Chrm/Tloc      #.........   26%         2    ###....
b - Blink                 Tloc           N/A          14%         2    ###....

Your spell library contained the following spells:

 Spells                   Type           Power        Failure   Level  Hunger
 Gell's Gravitas          Tloc           #.........   26%         3    ####...
 Lesser Beckoning         Tloc           #.........   26%         3    ####...
 Teleport Other           Tloc           #.......     26%         3    ####...
 Passage of Golubria      Tloc           N/A          65%         4    #####..


Dungeon Overview and Level Annotations

Branches:
Dungeon (2/15)

Altars:


Message History

The gnoll shaman hits you but does no damage.
You closely miss the gnoll shaman.
The gnoll shaman is severely wounded.
Your shroud bends the gnoll shaman's attack away.
You closely miss the gnoll shaman.
The gnoll shaman is severely wounded.
The gnoll shaman hits you but does no damage.
You hit the gnoll shaman but do no damage.
The gnoll shaman is severely wounded.
The gnoll shaman misses you.
You hit the gnoll shaman.
The gnoll shaman is almost dead.
The gnoll shaman hits you with a whip.
* * * LOW HITPOINT WARNING * * *
Your shroud falls apart!
Casting: Shroud of Golubria (safe; 26% risk of failure)
Confirm with . or Enter, or press ? or * to list all spells.
You miscast Shroud of Golubria.
You feel uncomfortable. The gnoll shaman hits you with a whip.
You die...

.. .. . .# . #.
... #.### #####
#..#.#<###......
#....÷g@.......#
#..............#
#..#...........#
#. #...........#
..
.....#########
.. .###### . #


You could see a gnoll shaman.

Vanquished Creatures
  5 gnolls
  A dart slug (D:1)
  A leopard gecko (D:1)
  A ball python (D:1)
  A giant cockroach (D:2)
  2 goblins (D:1)
  2 hobgoblins (D:1)
  2 kobolds (D:1)
  A quokka (D:1)
  3 bats (D:1)
  2 frilled lizards (D:1)
  4 rats
25 creatures vanquished.

Notes
Turn   | Place    | Note
-------+----------+-------------------------------------------
     0 | D:1      | PaladinM the Human Warper began the quest for the Orb.
     0 | D:1      | Reached XP level 1. HP: 16/16 MP: 3/3
   133 | D:1      | Reached XP level 2. HP: 11/22 MP: 5/5
   486 | D:1      | Learned a level 2 spell: Shroud of Golubria
   489 | D:1      | Learned a level 2 spell: Blink
   507 | D:1      | Reached skill level 3 in Long Blades
   811 | D:1      | Reached XP level 3. HP: 27/27 MP: 6/6
  1039 | D:1      | Reached skill level 4 in Long Blades
  1039 | D:1      | Reached XP level 4. HP: 32/33 MP: 4/7
  1262 | D:1      | HP: 1/33 [quokka (2)]
  1278 | D:1      | Upgraded the game from 0.22.1 to 0.22.1-2-g9c5b331
  1331 | D:2      | HP: 1/33 [gnoll shaman/whip (5)]
  1332 | D:2      | Slain by a gnoll shaman

Skill      XL: |  1  2  3 |
---------------+----------+-----
Long Blades    | 3 4 |  4.4
Fighting       | |  2.0
Throwing       | |  1.0
Armour         | |  1.0
Dodging        | |  2.0
Spellcasting   | |  2.0
Translocations | |  3.0

Action                   |  1- 3 |  4- 6 || total
-------------------------+-------+-------++-------
Melee: Falchion          |    44 |    40 ||    84
 Cast: Shroud of Golubri |     5 |     4 ||     9
  Use: Potion            |       |     1 ||     1
  Eat: Chunk             |       |     1 ||     1
Armor: Leather armour    |     8 |     4 ||    12
Dodge: Dodged            |    30 |    41 ||    71
       Rpst.: Falchion   |    12 |    10 ||    22
